 Dungeon Crawl Stone Soup version 0.19.5 (webtiles) character file.

118651 Gargoyl the Peltast (level 16, -2/133 HPs)
             Began as a Ghoul Abyssal Knight on May 6, 2017.
             Was the Champion of Lugonu.
             Slain by a demonic crawler (3 damage)
             ... on level 3 of the Spider Nest.
             The game lasted 01:28:48 (32319 turns).

Gargoyl the Peltast (Ghoul Abyssal Knight)         Turns: 32319, Time: 01:28:49

Health: -2/133     AC: 16    Str: 21    XL:     16   Next: 77%
Magic:  1/25       EV:  9    Int:  7    God:    Lugonu [******]
Gold:   1583       SH: 16    Dex: 21    Spells: 0 memorised, 15 levels left

rFire  . . .     SeeInvis +     K - +3 war axe (elec)
rCold  + + .     Gourm    .     R - +9 plate armour of the Bells {rC+}
rNeg   + + +     Faith    .     C - +3 buckler of Hestemu {Regen+ rCorr Str-2 Dex+3}
rPois  ∞         Spirit   .     v - +0 helmet {SInv}
rElec  .         Reflect  +     j - +0 cloak
rCorr  +         Harm     .     W - +2 pair of gloves {Dex+3}
MR     +....                    t - +0 pair of boots "Bidif" {*Corrode +Inv rPois Str+4}
Stlth  ..........               r - +4 amulet of reflection
                                Q - +3 ring of dexterity
                                T - +2 ring of slaying

@: corroded, very slightly contaminated, rotting
A: rotting body, claws 1, carnivore 3, cold resistance 1, negative energy
resistance 3, slow regeneration 1, torment resistance, unbreathing
a: Depart the Abyss, Bend Space, Banish, Corrupt, Enter the Abyss, Brand Weapon
With Distortion, Renounce Religion, Evoke Invisibility


You were on level 3 of the Spider Nest.
You worshipped Lugonu.
Lugonu was exalted by your worship.
You were not hungry.

You visited 4 branches of the dungeon, and saw 26 of its levels.
You visited the Abyss 1 time.
You also visited: Labyrinth.

You collected 2581 gold pieces.
You spent 998 gold pieces at shops.

Inventory:

Hand Weapons
 p - a +0 hand axe of flaming
 w - a +0 broad axe
 E - a +2 trident of venom
 F - a +0 war axe of chaos
 K - a +3 war axe of electrocution (weapon)
Missiles
 o - 4 javelins (quivered)
Armour
 j - a +0 cloak (worn)
 t - the +0 pair of boots "Bidif" (worn) {*Corrode +Inv rPois Str+4}
   (You bought it in a shop on level 2 of the Orcish Mines)

   It affects your strength (+4).
   It protects you from poison.
   It lets you turn invisible.
   It may corrode you when you take damage.
 v - a +0 helmet of see invisible (worn)
 C - the +3 buckler of Hestemu (worn) {Regen+ rCorr Str-2 Dex+3}
   (You acquired it on level 2 of the Spider Nest)

   It affects your strength (-2).
   It affects your dexterity (+3).
   It increases your rate of regeneration.
   It protects you from acid and corrosion.
 R - the +9 plate armour of the Bells (worn) {rC+}
   (You found it on level 1 of the Lair of Beasts)

   It protects you from cold.
 W - a +2 pair of gloves of dexterity (worn)
Jewellery
 r - a +4 amulet of reflection (around neck)
 Q - a +3 ring of dexterity (right hand)
 T - a +2 ring of slaying (left hand)
 U - the amulet of Vitality {Regen+ HP+15}
   (You found it on level 12 of the Dungeon)

   [amulet of regeneration]

   It affects your health (+15).
   It increases your rate of regeneration.
Wands
 d - a wand of polymorph (9/24)
 h - a wand of flame (12/48)
Scrolls
 f - 6 scrolls of identify
 m - a scroll of amnesia
 x - 3 scrolls of fog
 y - a scroll of recharging
 I - 9 scrolls of remove curse
Potions
 a - a potion of ambrosia
 b - 2 potions of brilliance
 i - 2 potions of magic
 l - a potion of haste
 q - 2 potions of curing
 s - 2 potions of cancellation
 H - 2 potions of agility
 J - 2 potions of resistance
 L - 3 potions of might
Books
 e - Sif Muna's Catalogue of Contamination
   (You found it on level 2 of the Orcish Mines)

   Spells                             Type                      Level
   a - Sting                          Conjuration/Poison           1
 k - a book of Party Tricks

   Spells                             Type                      Level
   a - Summon Butterflies             Summoning                    1
   b - Apportation                    Translocation                1
   c - Lesser Beckoning               Translocation                3
   d - Tukima's Dance                 Hexes                        3
   e - Alistair's Intoxication        Transmutation/Poison         5
   f - Invisibility                   Hexes                        6
Comestibles
 c - 14 meat rations
 g - 4 chunks of flesh
 n - 2 beef jerkies


   Skills:
 + Level 9.7 Fighting
 + Level 12.1 Axes
 + Level 0.3 Throwing
 * Level 11.3 Armour
 + Level 3.2 Dodging
 * Level 16.3 Shields
 * Level 13.4 Invocations


You had 15 spell levels left.
You didn't know any spells.

Dungeon Overview and Level Annotations

Branches:
Dungeon (15/15)            Temple (0/1) D:4            Lair (6/6) D:8
 Shoals (0/4) Lair:2       Spider (3/4) Lair:4        Slime (0/5) Lair:5
    Orc (2/2) D:9             Elf (0/3) Orc:2        Vaults (0/5) D:13
 Depths (0/5) D:15

Altars:
Sif Muna
Beogh

Shops:
D:5 %   D:9 ?   D:12 !   Orc:2 *([:

Annotations:
D:3 Natasha
Abyss:1 Azrael, Donald, Harold, Rupert, Saint Roka


Innate Abilities, Weirdness & Mutations

Your body is rotting away.
You thrive on raw meat.
You are immune to poison.
You have sharp fingernails.
You are carnivorous and can eat meat at any time.
Your flesh is cold resistant. (rC+)
You are immune to negative energy. (rN+++)
You regenerate slowly when monsters are visible.
You are immune to unholy pain and torment.
You can survive without breathing.


Message History

The demonic crawler hits you but does no damage.
The demonic crawler hits you!
* * * LOW HITPOINT WARNING * * *
The demonic crawler hits you but does no damage.
You block the demonic crawler's attack. The demonic crawler hits you.
* * * LOW HITPOINT WARNING * * *
You block the demonic crawler's attack.
You block the demonic crawler's attack. x2; The demonic crawler hits you!
* * * LOW HITPOINT WARNING * * *
Okay, then.
Zapping:
d - a wand of polymorph (will waste charges)
Press: ? - help, Shift-Dir - straight line, f - you Really target yourself?
Nothing appears to happen.
Evoking this partially-identified wand wasted a few charges.
The demonic crawler hits you but does no damage.
The demonic crawler hits you.
* * * LOW HITPOINT WARNING * * *
The demonic crawler hits you.
You die...

#... ##. #..# #..# #..## ...#..
##...###... #.....#
#...^#....##.#.)..#
##....^....##......#
####..........##.#.$a. ##
#^)#...#......#......
#.###>........@s...##...# .
..............ss.[#..##†# ##.#
.......^....^.....##.#†#.s#..#
...................##†####.#.##
#...........(..................
#...................†††...^....
###............^...............
#^.....^........%....†..%.....
##............................


You could see 3 demonic crawlers.

Vanquished Creatures
  A ghost moth (Spider:1)
  A minotaur (Lab)
  4 vault guards
  A fire dragon (Lair:6)
  A rakshasa (D:15)
  A queen ant (Spider:3)
  Erica (Lair:2)
  A catoblepas (Lair:4)
  3 centaur warriors
  3 tengu warriors
  Urug (Lair:5)
  10 death yaks
  2 orc high priests (Orc:2)
  A shock serpent (shapeshifter) (D:15)
  2 unseen horrors
  6 hill giants
  3 deep elf magi
  6 orb spiders
  A lindwurm (Lair:6)
  3 orc knights
  5 orc sorcerers
  A manticore (D:14)
  20 ugly things
  9 wolf spiders
  A cyclops (D:13)
  A moth of wrath (Spider:3)
  3 sirens (Lair:2)
  4 centaur zombies
  2 gargoyles
  2 molten gargoyles (Lair:6)
  6 black mambas
  16 spiny frogs
  4 centaur skeletons
  6 komodo dragons
  A freezing wraith (D:13)
  5 demonic crawlers
  2 tengu conjurers
  A troll (shapeshifter) (D:15)
  2 polar bears (Lair:6)
  3 meliai (D:15)
  6 trolls
  11 jumping spiders
  A merfolk (Lair:2)
  Prince Ribbit (D:8)
  Grinder (D:3)
  A two-headed ogre (D:13)
  15 blink frogs
  8 slime creatures
  6 hornets
  4 dream sheep (Lair:6)
  12 hippogriffs
  A centaur simulacrum (D:15)
  4 tarantellas
  24 redbacks
  4 fire elementals (D:14)
  5 wyverns
  5 basilisks
  51 yaks
  2 hungry ghosts
  2 steam dragons
  A swamp worm (shapeshifter) (D:15)
  A mottled dragon (D:12)
  9 soldier ants (Spider:3)
  3 wargs
  5 hell hounds (Lair:6)
  13 water moccasins
  A water moccasin (shapeshifter) (D:15)
  37 orc warriors
  8 porcupines
  4 ice beasts
  2 sky beasts
  A necrophage (D:9)
  2 phantoms
  4 black bears
  9 wolves
  8 ogres
  3 boggarts (D:15)
  3 centaurs
  15 crocodiles
  Blork the orc (Orc:2)
  4 big kobolds
  9 bullfrogs
  4 scorpions
  3 wyvern skeletons
  4 jellies
  12 killer bees
  15 wights
  5 howler monkeys
  An electric eel (Spider:2)
  3 crimson imps
  2 bullfrog zombies
  5 lava snakes (Lair:6)
  4 hounds
  17 orc priests
  Crazy Yiuf (D:2)
  4 bullfrog skeletons
  Ijyb (D:3)
  25 orc wizards
  37 worker ants
  Robin (D:4)
  3 gnolls (D:5)
  21 adders
  3 shadow imps
  An ooze (D:1)
  An adder skeleton (D:8)
  2 adder zombies
  5 worms
  A dart slug (D:1)
  7 leopard geckos
  124 orcs
  8 ball pythons
  6 giant cockroaches
  13 goblins
  9 hobgoblins
  13 jackals
  21 kobolds
  6 quokkas
  9 bats
  2 frilled lizards
  A jackal skeleton (D:7)
  A quokka skeleton (D:6)
  8 rats
  4 fungi
  A plant (Lair:4)
867 creatures vanquished.

Vanquished Creatures (others)
  2 entropy weavers (Spider:3)
  2 spark wasps (Spider:2)
  5 hydras
  A centaur warrior (D:15)
  The ghost of Bingowings the Blocker, a novice GrBe of Trog (D:8)
  An orc knight (Orc:2)
  2 oklob plants (Lair:5)
  A wolf spider (Spider:3)
  A molten gargoyle (Lair:6)
  A basilisk (Lair:6)
  A boggart (D:15)
  3 centaurs
  A crimson imp (Lair:1)
  An adder zombie (D:9)
  12 fungi
  18 plants
53 creatures vanquished.

Grand Total: 920 creatures vanquished

Notes
Turn   | Place    | Note
-------+----------+-------------------------------------------
     0 | Abyss:1  | Gargoyl the Ghoul Abyssal Knight began the quest for the Orb.
     0 | Abyss:1  | Reached XP level 1. HP: 19/19 MP: 1/1
    56 | Abyss:1  | Noticed a large abomination
    56 | Abyss:1  | Noticed a reaper
    56 | D:1      | Escaped the Abyss
   179 | D:1      | Reached * piety under Lugonu
   179 | D:1      | Reached XP level 2. HP: 18/26 MP: 2/2
   449 | D:1      | Reached XP level 3. HP: 33/33 MP: 3/3
  1106 | D:2      | Found a runed door.
  1110 | D:2      | Noticed Crazy Yiuf
  1122 | D:2      | Killed Crazy Yiuf
  1122 | D:2      | Reached XP level 4. HP: 19/40 MP: 4/4
  1550 | D:2      | Reached skill level 1 in Dodging
  1737 | D:2      | Reached XP level 5. HP: 34/46 MP: 4/6
  1776 | D:2      | Reached ** piety under Lugonu
  2004 | D:3      | Noticed a phantom
  2345 | D:3      | Reached skill level 1 in Shields
  2382 | D:3      | Noticed Natasha
  2750 | D:3      | Noticed Grinder
  2767 | D:3      | Paralysed by Grinder for 5 turns
  2785 | D:3      | Paralysed by Grinder for 6 turns
  2802 | D:3      | Paralysed by Grinder for 2 turns
  2816 | D:3      | Paralysed by Grinder for 6 turns
  2838 | D:3      | Killed Grinder
  2838 | D:3      | Reached XP level 6. HP: 21/52 MP: 7/7
  3095 | D:3      | Noticed Ijyb
  3106 | D:3      | Killed Ijyb
  3106 | D:3      | Reached XP level 7. HP: 43/58 MP: 8/8
  3187 | D:3      | Reached skill level 2 in Shields
  3676 | D:4      | Noticed Robin
  3718 | D:4      | Killed Robin
  3839 | D:4      | Reached *** piety under Lugonu
  4093 | D:4      | Found a staircase to the Ecumenical Temple.
  4643 | D:5      | Entered Level 5 of the Dungeon
  4754 | D:5      | Reached skill level 3 in Shields
  4760 | D:5      | Reached XP level 8. HP: 12/66 MP: 8/10
  5498 | D:5      | Found Uwnigr Ivyr's Food Shoppe.
  5783 | D:6      | Reached **** piety under Lugonu
  5898 | D:6      | Reached skill level 4 in Shields
  5922 | D:6      | Reached skill level 5 in Armour
  6593 | D:7      | Noticed Prince Ribbit
  6615 | D:8      | Reached skill level 5 in Invocations
  6622 | D:8      | Killed Prince Ribbit
  6622 | D:8      | Reached skill level 5 in Axes
  6622 | D:8      | Reached skill level 5 in Shields
  6622 | D:8      | Reached XP level 9. HP: 9/73 MP: 10/12
  7626 | D:8      | Reached skill level 6 in Shields
  8316 | D:8      | Reached skill level 5 in Fighting
  8464 | D:8      | Found a staircase to the Lair.
  8471 | D:8      | Noticed a spiny frog
  8472 | D:8      | Noticed Bingowings's ghost (novice GrBe)
  8488 | Lair:1   | Entered Level 1 of the Lair of Beasts
  8591 | Lair:1   | Killed a spiny frog
  8858 | Lair:1   | Reached skill level 7 in Shields
  8858 | Lair:1   | Reached XP level 10. HP: 76/79 MP: 13/13
  9175 | D:8      | Banished Bingowings's ghost
  9976 | D:9      | Found Hysmik Lut's Magic Scroll Shoppe.
 10019 | D:9      | Bought a scroll of enchant armour for 127 gold pieces
 10235 | D:9      | Reached skill level 8 in Shields
 10289 | D:9      | Found a staircase to the Orcish Mines.
 10512 | Lair:1   | Noticed a spiny frog
 10518 | Lair:1   | Noticed a spiny frog
 10535 | Lair:1   | Killed a spiny frog
 10541 | Lair:1   | Killed a spiny frog
 10646 | Lair:1   | Noticed a spiny frog
 10656 | Lair:1   | Noticed a spiny frog
 10662 | Lair:1   | Killed a spiny frog
 10706 | Lair:1   | Killed a spiny frog
 10977 | Lair:1   | Reached XP level 11. HP: 63/88 MP: 15/15
 11120 | Lair:1   | Reached skill level 9 in Shields
 11248 | Lair:1   | Noticed a five-headed hydra
 11250 | Lair:1   | Banished a five-headed hydra
 11511 | Lair:1   | Got an ichor-stained plate armour
 11522 | Lair:1   | Identified the +9 plate armour of the Bells {rC+} (You found it on level 1 of the Lair of Beasts)
 12009 | Lair:2   | Noticed a five-headed hydra
 12011 | Lair:2   | Banished a five-headed hydra
 12027 | Lair:2   | Noticed a seven-headed hydra
 12031 | Lair:2   | Banished a seven-headed hydra
 12212 | Lair:2   | Noticed Erica
 12249 | Lair:2   | Reached skill level 10 in Shields
 12331 | Lair:2   | Killed Erica
 12480 | Lair:2   | Found a staircase to the Shoals.
 13012 | Lair:2   | Reached XP level 12. HP: 56/93 MP: 17/17
 13106 | Lair:3   | Noticed Rupert
 13159 | Lair:3   | Paralysed by Rupert for 5 turns
 13180 | Lair:3   | Banished Rupert
 13246 | Lair:3   | Noticed Harold
 13288 | Lair:3   | Banished Harold
 13638 | Lair:3   | Reached skill level 11 in Shields
 14429 | Lair:4   | Noticed a catoblepas
 14532 | Lair:4   | Found a labyrinth entrance.
 14564 | Lab      | Entered a labyrinth
 14718 | Lab      | Noticed a minotaur
 14732 | Lab      | Killed a minotaur
 14765 | Lab      | Got a vibrating wooden ring
 14768 | Lab      | Identified the ring "Unamnin" {+Fly Str-3 Slay+5 SInv Stlth+} (You found it in a labyrinth)
 14856 | Lair:4   | Reached skill level 10 in Invocations
 14894 | Lair:4   | Found a hole to the Spider Nest.
 15024 | Lair:4   | Noticed an eight-headed hydra
 15025 | Lair:4   | Banished an eight-headed hydra
 15080 | Lair:4   | Noticed a death yak
 15103 | Lair:4   | Reached XP level 13. HP: 78/105 MP: 19/19
 15127 | Lair:4   | Reached skill level 12 in Shields
 15879 | Lair:5   | Noticed Urug
 15917 | Lair:5   | Killed Urug
 16463 | Lair:5   | Found a staircase to the Slime Pits.
 17045 | Lair:6   | Entered Level 6 of the Lair of Beasts
 17261 | Lair:6   | Identified a scroll of acquirement
 17340 | Lair:6   | Reached skill level 13 in Shields
 17626 | Lair:6   | Reached XP level 14. HP: 107/114 MP: 21/21
 18550 | Lair:6   | Found a large runed door.
 18551 | Lair:6   | Found a large runed door.
 19875 | D:10     | Entered Level 10 of the Dungeon
 20562 | D:10     | Found a roughly hewn altar of Beogh.
 20939 | D:11     | Reached ***** piety under Lugonu
 20973 | D:11     | Reached skill level 10 in Axes
 21083 | D:11     | Reached skill level 14 in Shields
 21538 | D:12     | Reached skill level 10 in Armour
 21632 | D:12     | Found Obbih's Distillery.
 21635 | D:12     | Bought a potion of heal wounds for 85 gold pieces
 21635 | D:12     | Bought a potion of haste for 170 gold pieces
 21635 | D:12     | Bought a potion of haste for 170 gold pieces
 21635 | D:12     | Bought a potion of heal wounds for 85 gold pieces
 22767 | D:13     | Found a gate to the Vaults.
 23392 | D:13     | Reached XP level 15. HP: 112/122 MP: 22/22
 24309 | D:14     | Noticed Azrael
 24327 | D:14     | Banished Azrael
 24711 | D:14     | Reached skill level 15 in Shields
 24853 | D:15     | Entered Level 15 of the Dungeon
 25422 | D:15     | Got a steaming plate armour
 25433 | D:15     | Identified the +1 plate armour "Vetoerr" {Str+5} (You acquired it on level 15 of the Dungeon)
 25697 | D:15     | Noticed a caustic shrike
 25697 | D:15     | a dire elephant changed into a caustic shrike
 25702 | D:15     | Noticed an acid blob
 25702 | D:15     | a caustic shrike changed into an acid blob
 25704 | D:15     | Noticed a titan
 25704 | D:15     | an acid blob changed into a titan
 25705 | D:15     | Noticed a hellephant
 25705 | D:15     | a titan changed into a hellephant
 26121 | D:15     | HP: 5/124 [very large slime creature (27)]
 26513 | D:15     | Found a staircase to the Depths.
 26878 | Spider:1 | Entered Level 1 of the Spider Nest
 26994 | Orc:1    | Entered Level 1 of the Orcish Mines
 27190 | Orc:2    | Entered Level 2 of the Orcish Mines
 27190 | Orc:2    | Found a staircase to the Elven Halls.
 27445 | Orc:1    | Reached ****** piety under Lugonu
 27884 | Orc:2    | Noticed Saint Roka
 27894 | Orc:2    | Noticed Blork the orc
 27894 | Orc:2    | Paralysed by an orc sorcerer for 3 turns
 27901 | Orc:2    | HP: 3/124 [orc high priest/divine providence (14)]
 27943 | Orc:2    | Found a deep blue altar of Sif Muna.
 27957 | Orc:2    | Identified Sif Muna's Catalogue of Contamination
 28115 | Orc:2    | Reached XP level 16. HP: 132/132 MP: 24/24
 28118 | Orc:2    | Killed Blork the orc
 28441 | Orc:1    | Banished Saint Roka
 28678 | Orc:2    | Found a roughly hewn altar of Beogh.
 28868 | Orc:2    | Found Peutan's General Store.
 28909 | Orc:2    | Found Xidwipp's Antique Armour Shoppe.
 28929 | Orc:2    | Bought a pair of scorched boots for 237 gold pieces
 28939 | Orc:2    | Identified the +0 pair of boots "Bidif" {*Corrode +Inv rPois Str+4} (You bought it in a shop on level 2 of the Orcish Mines)
 28948 | Orc:2    | Found Hajikhla's Book Shoppe.
 28963 | Orc:2    | Found Yngeum's Antique Weapon Shoppe.
 28992 | Orc:2    | Bought a broad axe for 124 gold pieces
 29586 | Spider:1 | Noticed Donald
 29612 | Spider:1 | Banished Donald
 30374 | Spider:2 | Got a transparent buckler
 30385 | Spider:2 | Identified the +3 buckler of Hestemu {Regen+ rCorr Str-2 Dex+3} (You acquired it on level 2 of the Spider Nest)
 30729 | Spider:2 | HP: 3/132 [spark wasp (12)]
 30734 | Spider:2 | Reached skill level 16 in Shields
 32310 | Spider:3 | HP: 2/133 [wolf spider (6)]
 32319 | Spider:3 | HP: 1/133 [demonic crawler (6)]
 32319 | Spider:3 | Slain by a demonic crawler

Skill      XL: |  1  2  3  4  5  6  7  8  9 10 11 12 13 14 15 16 |
---------------+-------------------------------------------------+-----
Axes           | 2 3 4 5 6 7 8 9 10 11 12 | 12.1
Armour         | 2 3 4 5 6 8 9 10 11 | 11.3
Fighting       | 4 5 6 7 8 9 |  9.7
Dodging        | 1 2 3 |  3.2
Shields        | 1 3 5 7 8 10 11 13 14 15 16 | 16.3
Invocations    | 3 4 5 6 7 9 10 11 12 13 | 13.4
Throwing       | |  0.3

Action                   |  1- 3 |  4- 6 |  7- 9 | 10-12 | 13-15 | 16-18 || total
-------------------------+-------+-------+-------+-------+-------+-------++-------
Melee: Hand axe          |   112 |   251 |   855 |  1104 |  1262 |       ||  3584
       War axe           |       |       |       |       |   778 |   490 ||  1268
Throw: Tomahawk          |       |     3 |       |     3 |       |       ||     6
       Javelin           |       |       |       |       |     2 |       ||     2
Invok: Depart the Abyss  |     1 |       |       |       |       |       ||     1
       Banish            |       |       |     2 |    15 |    19 |     9 ||    45
       Bend Space        |       |       |       |       |     3 |       ||     3
Evoke: Wand              |       |       |       |       |       |     1 ||     1
  Use: Scroll            |     7 |     1 |     9 |    13 |    26 |     8 ||    64
       Potion            |     2 |     1 |     3 |     7 |    11 |     5 ||    29
 Stab: Petrified         |       |       |       |       |     6 |       ||     6
       Distracted        |       |       |       |       |     2 |       ||     2
  Eat: Chunk             |     8 |    25 |    61 |    79 |   207 |    75 ||   455
       Meat ration       |       |       |       |       |     1 |     2 ||     3
Armor: Leather armour    |    17 |       |       |       |       |       ||    17
       Chain mail        |    84 |   210 |   555 |    65 |       |       ||   914
       Plate armour      |       |       |       |   823 |  1013 |   441 ||  2277
Dodge: Dodged            |    82 |    25 |   103 |   129 |   271 |   209 ||   819
Block: Large shield      |       |   174 |   763 |  1257 |  2479 |   298 ||  4971
       Reflection        |       |       |       |       |    49 |     1 ||    50
       Buckler           |       |       |       |       |       |   379 ||   379
